 Dungeon Crawl Stone Soup version 0.16-a0-1784-gf5591c9 (webtiles) character file.

91 Gorice the Skirmisher (level 4, -4/37 HPs)
             Began as a Demonspawn Wanderer on Nov 1, 2014.
             Killed from afar by Sigmund (11 damage)
             ... with a puff of flame
             ... on level 2 of the Dungeon.
             The game lasted 00:13:35 (2013 turns).

Gorice the Skirmisher (Demonspawn Wanderer)         Turns: 2013, Time: 00:13:35

Health: -4/37      AC:  4    Str: 10    XL:     4   Next: 34%
Magic:  4/4        EV: 12    Int: 15    God:
Gold:   80         SH:  0    Dex: 14    Spells: 0 memorised, 3 levels left

rFire  . . .     SeeInvis .     a - +0 falchion
rCold  + . .     Clarity  .     e - +0 robe
rNeg   + . .     SustAb   .     (no shield)
rPois  .         Gourm    .     o - +0 helmet
rElec  .         Spirit   .     t - +0 cloak
rCorr  .         Warding  .     (no gloves)
rMut   .         Stasis   .     (no boots)
MR     .....                    (no amulet)
Stlth  ++........               (no ring)
                                l - ring of positive energy

@: not resistant to hostile enchantments, unstealthy
A: cold resistance 1, spiny 1, freezing cloud immunity
a: no special abilities


You were on level 2 of the Dungeon.
You were hungry.

You visited 1 branch of the dungeon, and saw 2 of its levels.

You collected 80 gold pieces.

Inventory:

Hand weapons
 a - a +0 falchion (weapon)
 b - a +0 dagger
 g - a +0 spear
 k - a +0 spear
 m - a +0 halberd
Missiles
 Z - 51 stones (quivered)
Armour
 e - a +0 robe (worn)
 h - a +0 leather armour
 o - a +0 helmet (worn)
 t - a +0 cloak (worn)
Jewellery
 l - a ring of positive energy (left hand)
Magical devices
 d - a wand of flame (26)
Scrolls
 c - 3 scrolls of teleportation
 i - a scroll of amnesia {unknown}
 j - a scroll of enchant weapon {unknown}
Potions
 q - a potion of cancellation {unknown}
 s - a potion of cure mutation {unknown}
Comestibles
 f - a bread ration
 n - 2 meat rations
 p - 4 chunks of flesh
 r - a slice of pizza


   Skills:
 - Level 4.0 Fighting
 * Level 3.7 Long Blades
 - Level 1.0 Throwing
 + Level 1.6 Dodging
 - Level 1.7 Stealth
 - Level 1.0 Evocations


You had 3 spell levels left.
You didn't know any spells.

Dungeon Overview and Level Annotations

Branches:
Dungeon (2/15)

Altars:

Annotations:
D:2 exclusion: worm, Sigmund


Innate Abilities, Weirdness & Mutations

Your flesh is cold resistant.
You are partially covered in sharp spines.
You are immune to freezing clouds.


Message History

Sigmund is severely wounded.
Sigmund closely misses you.
You barely miss Sigmund.
Sigmund is severely wounded.
Sigmund hits you with a scythe.
You barely miss Sigmund.
Sigmund is severely wounded.
You closely miss Sigmund.
Sigmund is severely wounded.
Sigmund gestures wildly while chanting.
Sigmund flickers and vanishes!
Deactivating autopickup; reactivate with Ctrl-A.
Something hits you!
You hit something but do no damage. You hit something but do no damage.
Something hits you.
* * * LOW HITPOINT WARNING * * *
Something barely misses you.
A puff of flame appears from out of thin air!
The puff of flame hits you!
You die...

.#.... . #.. ...#
##....# #.# #.. ..#
#.#.....# #.# #.
........# #.# #.
#..{.# #.# #.# .
#.# #.# #.##.######
#.# #.# #.#...>.)..
#.###.###..###.##.#
#.@........# #.##..
#####..##..###.##.#
#..##...)......
#...........###
##.##.####.##
#............#
#.#..........#
#.####.#####.# #
#.# .#


There were no monsters in sight!

Vanquished Creatures
  Ijyb (D:1)
  An adder (D:2)
  3 gnolls
  An ooze (D:1)
  5 bats
  3 hobgoblins (D:1)
  4 kobolds
  A giant cockroach (D:2)
  2 giant geckos (D:1)
  A giant newt (D:2)
  10 goblins
  3 rats (D:1)
35 creatures vanquished.

Notes
Turn   | Place    | Note
--------------------------------------------------------------
     0 | D:1      | Gorice, the Demonspawn Wanderer, began the quest for the Orb.
     0 | D:1      | Reached XP level 1. HP: 19/19 MP: 1/1
   838 | D:1      | Gained mutation: You are partially covered in sharp spines. [demonic ancestry]
   838 | D:1      | Reached XP level 2. HP: 21/25 MP: 2/2
  1365 | D:1      | Reached skill level 1 in Dodging
  1365 | D:1      | Gained mutation: Your flesh is cold resistant. [demonic ancestry]
  1365 | D:1      | Reached XP level 3. HP: 18/30 MP: 3/3
  1469 | D:2      | Noticed Ijyb
  1484 | D:1      | Killed Ijyb
  1708 | D:2      | Noticed Sigmund
  1866 | D:2      | Gained mutation: You are immune to freezing clouds. [demonic ancestry]
  1866 | D:2      | Reached XP level 4. HP: 24/37 MP: 4/4
  2013 | D:2      | Killed from afar by Sigmund

Action                   |  1- 3 |  4- 6 || total
-------------------------+-------+-------++-------
Melee: Falchion          |   104 |    18 ||   122
       Dagger            |     1 |       ||     1
Throw: Stone             |    15 |       ||    15
       Throwing net      |       |     1 ||     1
Evoke: Wand              |     9 |     2 ||    11
  Use: Scroll            |     3 |       ||     3
 Stab: Sleeping          |     2 |       ||     2
  Eat: Chunk             |     3 |       ||     3
